 Dungeon Crawl Stone Soup version 0.21.1-1-g345015f (webtiles) character file.

19617 LLlMATKO the Severer (level 12, -2/169 HPs)
             Began as a Minotaur Berserker on May 4, 2018.
             Was a High Priest of Trog.
             Succumbed to bmj180's ghost's poison
             ... on level 12 of the Dungeon.
             The game lasted 00:27:42 (13174 turns).

LLlMATKO the Severer (Minotaur Berserker)          Turns: 13174, Time: 00:27:43

Health: -2/169     AC: 20    Str: 28    XL:     12   Next: 38%
Magic:  11/11      EV:  9    Int:  4    God:    Trog [*****.]
Gold:   418        SH:  0    Dex: 14    Spells: 11/11 levels left

rFire    x . .     SeeInvis .   T - +7 hand axe (flame)
rCold    + . .     Gourm    +   (no shield)
rNeg     . . .     Faith    .   s - +1 plate armour
rPois    .         Spirit   .   (helmet restricted)
rElec    .         Reflect  .   (no cloak)
rCorr    +         Harm     .   (no gloves)
MR       .....                  a - +2 pair of boots
Stlth    ..........             N - amulet of the gourmand
HPRegen  0.38/turn              P - ring of ice
MPRegen  0.12/turn              D - ring of resist corrosion

@: berserking (expiring), lethally poisoned (-2 -> -72), slowed
A: retaliatory headbutt, horns 2
a: Berserk, Trog's Hand, Brothers in Arms, Burn Spellbooks, Renounce Religion


You were on level 12 of the Dungeon.
You worshipped Trog.
Trog was extremely pleased with you.
You were not hungry.

You visited 2 branches of the dungeon, and saw 13 of its levels.
You also visited: Labyrinth.

You collected 568 gold pieces.
You spent 150 gold pieces at shops.

Inventory:

Hand Weapons
 y - a +2 battleaxe of venom
 S - the +7 war axe "Xakaliud" {freeze, rElec MR+}
   (You found it in a labyrinth)

   It has been specially enchanted to freeze those struck by it, causing extra
   injury to most foes and up to half again as much damage against particularly
   susceptible opponents.
   It can also slow down cold-blooded creatures.
   It insulates you from electricity.
   It affects your resistance to hostile enchantments.
 T - a +7 hand axe of flaming (weapon)
Missiles
 G - 2 throwing nets (quivered)
Armour
 a - a +2 pair of boots (worn)
 s - a +1 plate armour (worn)
Jewellery
 e - a +2 ring of strength
 f - an uncursed ring of protection from cold
 p - an uncursed ring of stealth
 D - a ring of resist corrosion (right hand)
 K - an uncursed ring of protection from fire
 N - an amulet of the gourmand (around neck)
 P - a ring of ice (left hand)
Wands
 g - a wand of flame (42)
 j - a wand of iceblast (14)
 u - a wand of disintegration (33)
 A - a wand of scattershot (4)
 E - a wand of enslavement (6)
 F - a wand of acid (15)
 J - a wand of digging (13)
Scrolls
 d - 3 scrolls of teleportation
 i - 6 scrolls of identify
 l - 2 scrolls of magic mapping
 q - 4 scrolls of remove curse
 t - a scroll of acquirement {unknown}
 w - a scroll of silence {unknown}
 z - a scroll of torment {unknown}
 B - a scroll of fear {unknown}
 H - a scroll of vulnerability {unknown}
 I - a scroll of enchant armour
Potions
 h - 2 potions of invisibility
 k - 3 potions of might
 m - a potion of mutation {unknown}
 n - 2 potions of brilliance
 o - 4 potions of haste
 r - a potion of resistance {unknown}
 v - 2 potions of lignification {unknown}
 x - 3 potions of curing {unknown}
 C - a potion of degeneration {unknown}
 L - 2 potions of flight {unknown}
Comestibles
 c - 15 rations


   Skills:
 + Level 12.6 Fighting
 * Level 16.6 Axes
 + Level 12.3 Armour
 - Level 2.1 Dodging


You had 11 spell levels left.
You didn't know any spells.

Dungeon Overview and Level Annotations

Branches:
Dungeon (12/15)            Temple (1/1) D:4            Lair (0/6) D:10
    Orc (0/2) D:12

Altars:
Ashenzari
Cheibriados
Nemelex Xobeh
Ru
Uskayaw
Xom
The Shining One

Shops:
D:12 [

Annotations:
D:12 bmj180's ghost, journeyman MiFi


Innate Abilities, Weirdness & Mutations

You reflexively headbutt those who attack you in melee.
You have a pair of horns on your head.


Message History

Bmj180's ghost is heavily damaged.
* * * LOW HITPOINT WARNING * * *
You feel very sick. Bmj180's ghost hits you!
* * * LOW HITPOINT WARNING * * *
You completely miss bmj180's ghost.
Bmj180's ghost is heavily damaged.
* * * LOW HITPOINT WARNING * * *
You feel very sick.
You hit bmj180's ghost but do no damage.
Your headbutt misses bmj180's ghost.
Bmj180's ghost is heavily damaged.
* * * LOW HITPOINT WARNING * * *
You feel sick. Bmj180's ghost hits you!
* * * LOW HITPOINT WARNING * * *
You are more poisoned.
You hit bmj180's ghost. You burn bmj180's ghost.
Your headbutt misses bmj180's ghost.
Bmj180's ghost is heavily damaged.
You die...

*,* *,.###.,** *,* *,..o...#
########+####,,,....*
#.<%........######.##########
#))...).....'..#.$......<...#
#.).).......##.#.o..?.......###
#...........##.#............##.
#...........##W#p...........##.
#...........##@#...............
#...........##.).........)..###
#...........####............#
############# ##############


You could see bmj180's ghost.

Vanquished Creatures
  A minotaur (Lab)
  Josephine (D:11)
  Erica (D:9)
  Erolcha (D:11)
  A centaur warrior (D:11)
  3 two-headed ogres
  An unseen horror (D:11)
  A wizard (D:12)
  An orc knight (D:12)
  A manticore (D:11)
  The ghost of Trampli the Slicer, a novice HaFi (D:5)
  Joseph (D:10)
  A komodo dragon (D:12)
  2 trolls
  A minotaur skeleton (Lab)
  3 hippogriffs
  2 redbacks (Lab)
  5 wraiths (D:11)
  A vampire (D:10)
  A wyvern (D:12)
  17 yaks
  Grum (D:9)
  A hungry ghost (Lab)
  3 vampire mosquitoes (D:12)
  Menkaure (D:5)
  Duvessa (D:5)
  A soldier ant (D:10)
  3 sky beasts
  3 ice beasts
  5 orc warriors
  A phantom (D:10)
  11 ogres
  5 centaurs
  2 necrophages
  4 wolves (D:9)
  2 big kobolds
  4 bullfrogs
  Dowan (D:5)
  A wyvern skeleton (D:8)
  4 killer bees (D:8)
  2 scorpions
  3 howler monkeys
  An electric eel (D:11)
  3 crimson imps
  The ghost of emiel the Skirmisher, a weakling FeWn (D:3)
  A bullfrog zombie (D:10)
  9 orc priests
  3 jellies (D:10)
  4 hounds
  14 orc wizards
  A bullfrog skeleton (D:4)
  3 centaur skeletons
  Jessica (D:2)
  Terence (D:3)
  Ijyb (D:3)
  An iguana (D:9)
  13 worker ants
  A hound skeleton (D:8)
  A mummy (D:8)
  12 adders
  A howler monkey skeleton (D:5)
  2 shadow imps
  7 oozes
  An adder skeleton (D:4)
  An adder zombie (D:9)
  4 dart slugs
  5 leopard geckos
  53 orcs
  A ball python (D:5)
  4 giant cockroaches
  3 goblins
  5 hobgoblins
  4 jackals (D:5)
  4 quokkas
  6 bats
  6 frilled lizards
  8 kobolds
  A quokka zombie (D:5)
  7 rats
300 creatures vanquished.

Notes
Turn   | Place    | Note
-------+----------+-------------------------------------------
     0 | D:1      | LLlMATKO the Minotaur Berserker began the quest for the Orb.
     0 | D:1      | Reached XP level 1. HP: 19/19 MP: 0/0
   179 | D:1      | Reached skill level 4 in Axes
   218 | D:1      | Reached XP level 2. HP: 27/27 MP: 1/1
  1099 | D:2      | Reached XP level 3. HP: 12/33 MP: 2/2
  1386 | D:2      | Reached ** piety under Trog
  1434 | D:2      | Found a snail-covered altar of Cheibriados.
  1458 | D:2      | Noticed Jessica
  1462 | D:2      | Killed Jessica
  1462 | D:2      | Reached skill level 5 in Axes
  1462 | D:2      | Reached XP level 4. HP: 41/41 MP: 3/3
  1893 | D:3      | Noticed emiel's ghost (weakling FeWn)
  1899 | D:3      | Killed emiel's ghost
  2018 | D:3      | Reached XP level 5. HP: 42/47 MP: 4/4
  2207 | D:3      | Noticed Terence
  2213 | D:3      | Killed Terence
  2295 | D:3      | Noticed Ijyb
  2304 | D:3      | Killed Ijyb
  2304 | D:3      | Reached skill level 5 in Fighting
  2304 | D:3      | Reached skill level 6 in Axes
  2838 | D:4      | Reached XP level 6. HP: 43/56 MP: 5/5
  3163 | D:4      | Reached skill level 7 in Axes
  3197 | D:4      | Reached skill level 5 in Armour
  3197 | D:4      | Reached XP level 7. HP: 55/62 MP: 6/6
  3602 | D:4      | Reached *** piety under Trog
  3832 | D:4      | Found a staircase to the Ecumenical Temple.
  4051 | Temple   | Entered the Ecumenical Temple
  4091 | D:5      | Entered Level 5 of the Dungeon
  4126 | D:5      | Noticed Trampli's ghost (novice HaFi)
  4150 | D:5      | Killed Trampli's ghost
  4150 | D:5      | Reached skill level 8 in Axes
  4150 | D:5      | Reached XP level 8. HP: 52/71 MP: 7/7
  4364 | D:5      | Reached skill level 9 in Axes
  4603 | D:5      | Received a gift from Trog
  4653 | D:5      | Noticed Duvessa
  4654 | D:5      | Noticed Dowan
  4657 | D:5      | Killed Duvessa
  4661 | D:5      | Killed Dowan
  4733 | D:5      | Noticed Menkaure
  4745 | D:5      | Killed Menkaure
  5318 | D:5      | Reached skill level 10 in Axes
  5708 | D:6      | Reached XP level 9. HP: 48/81 MP: 8/8
  5925 | D:6      | Found a shattered altar of Ashenzari.
  6000 | D:6      | Received a gift from Trog
  6549 | D:7      | Reached skill level 11 in Axes
  7091 | D:7      | Found a sacrificial altar of Ru.
  7596 | D:8      | Found a snail-covered altar of Cheibriados.
  7674 | D:8      | Noticed a two-headed ogre
  7692 | D:8      | Killed a two-headed ogre
  7692 | D:8      | Reached skill level 12 in Axes
  7833 | D:8      | Reached **** piety under Trog
  8027 | D:8      | Reached XP level 10. HP: 65/91 MP: 9/9
  8423 | D:8      | Found a sparkling altar of Nemelex Xobeh.
  8736 | D:9      | Reached skill level 13 in Axes
  8876 | D:9      | Reached skill level 10 in Fighting
  8892 | D:9      | Noticed Erica
  8992 | D:9      | Killed Erica
  9198 | D:9      | Noticed Grum
  9205 | D:9      | Reached skill level 10 in Armour
  9218 | D:9      | Killed Grum
  9221 | D:9      | Noticed a two-headed ogre
  9224 | D:9      | Killed a two-headed ogre
  9224 | D:9      | Reached skill level 14 in Axes
  9513 | D:9      | Noticed a two-headed ogre
  9524 | D:9      | Killed a two-headed ogre
  9524 | D:9      | Reached XP level 11. HP: 60/101 MP: 10/10
  9807 | D:9      | Found a glowing golden altar of the Shining One.
  9807 | D:9      | Found a hide-covered altar of Uskayaw.
  9961 | D:10     | Entered Level 10 of the Dungeon
 10067 | D:10     | Noticed Joseph
 10094 | D:10     | Killed Joseph
 10574 | D:10     | Found a shimmering altar of Xom.
 10574 | D:10     | Found a shimmering altar of Xom.
 10576 | D:10     | Found a shimmering altar of Xom.
 10576 | D:10     | Found a shimmering altar of Xom.
 10576 | D:10     | Found a shimmering altar of Xom.
 10577 | D:10     | Found a shimmering altar of Xom.
 10578 | D:10     | Found a shimmering altar of Xom.
 10632 | D:10     | Found a staircase to the Lair.
 10654 | D:10     | Reached skill level 15 in Axes
 10752 | D:10     | Reached ***** piety under Trog
 10896 | D:11     | Noticed Erolcha
 10907 | D:11     | Killed Erolcha
 11125 | D:11     | Noticed Josephine
 11140 | D:11     | Killed Josephine
 11288 | D:11     | Noticed a two-headed ogre
 11439 | D:11     | Noticed a centaur warrior
 11450 | D:11     | Killed an unseen horror
 11896 | D:11     | Killed a centaur warrior
 11896 | D:11     | Reached skill level 16 in Axes
 11896 | D:11     | Reached XP level 12. HP: 72/112 MP: 11/11
 12252 | D:12     | Found Zinawifa's Antique Armour Emporium.
 12275 | D:12     | Found a labyrinth entrance.
 12279 | Lab      | Entered a labyrinth
 12286 | Lab      | Found an exit through the horrors of the Abyss.
 12493 | Lab      | Found an exit through the horrors of the Abyss.
 12581 | Lab      | Noticed a minotaur
 12596 | Lab      | Killed a minotaur
 12661 | Lab      | Got a crude war axe
 12676 | D:12     | Got a clouded ivory amulet
 12956 | D:12     | Identified the +7 war axe "Xakaliud" {freeze, rElec MR+} (You found it in a labyrinth)
 12974 | D:12     | Bought a pair of runed boots for 150 gold pieces
 13016 | D:12     | Identified the amulet of Levity {Spirit Int+3} (You found it on level 12 of the Dungeon)
 13070 | D:12     | Received a gift from Trog
 13081 | D:12     | Found a staircase to the Orcish Mines.
 13143 | D:12     | Noticed bmj180's ghost (journeyman MiFi)
 13173 | D:12     | HP: 2/169 [bmj180's ghost (13)]
 13174 | D:12     | Succumbed to bmj180's ghost's poison

Skill      XL: |  1  2  3  4  5  6  7  8  9 10 11 12 |
---------------+-------------------------------------+-----
Axes           | 4 5 6 7 8 10 12 14 16 | 16.6
Fighting       | 4 5 6 7 9 10 12 | 12.6
Armour         | 3 4 5 6 7 9 10 11 12 | 12.3
Dodging        | |  2.1

Action                   |  1- 3 |  4- 6 |  7- 9 | 10-12 || total
-------------------------+-------+-------+-------+-------++-------
Melee: Hand axe          |    72 |    87 |   327 |   101 ||   587
       Headbutt          |     7 |    18 |    85 |   113 ||   223
       Battleaxe         |       |       |       |   333 ||   333
Invok: Berserk           |       |     2 |     5 |     6 ||    13
       Burn Spellbooks   |       |       |     2 |     1 ||     3
  Use: Potion            |     1 |       |       |       ||     1
       Scroll            |       |     7 |     8 |     3 ||    18
 Stab: Sleeping          |     1 |       |       |       ||     1
  Eat: Chunk             |     1 |     1 |    20 |    18 ||    40
       Ration            |     1 |     1 |       |     2 ||     4
Armor: Animal skin       |     9 |       |       |       ||     9
       Ring mail         |     3 |     3 |       |       ||     6
       Plate armour      |       |    22 |   146 |   234 ||   402
       Leather armour    |       |     1 |       |       ||     1
Dodge: Dodged            |    38 |    25 |    83 |   163 ||   309
